 Dungeon Crawl Stone Soup version 0.28-a0-589-g333b8329f1 (webtiles) character file.

Game seed: 10708520970778058114

821 Demosthentine the Poker (level 7, -22/55 (56) HPs)
             Began as a Merfolk Gladiator on Oct 4, 2021.
             Was an Initiate of Elyvilon.
             Killed from afar by Ijyb (24 damage)
             ... with a bolt of acid
             ... on level 5 of the Dungeon.
             The game lasted 00:04:55 (5388 turns).

Demosthentine the Poker (Merfolk Gladiator)         Turns: 5388, Time: 00:04:56

HP:   -22/55 (56)   AC:  7    Str: 16    XL:     7   Next: 95%
MP:   7/7           EV: 15    Int:  7    God:    Elyvilon [......]
Gold: 244           SH:  0    Dex: 16    Spells: 6/6 levels left

rFire   . . .      SeeInvis +   a - +0 trident (venom)
rCold   . . .      Faith    .   (no shield)
rNeg    . . .      Spirit   .   b - +0 leather armour
rPois   .          Reflect  .   c - +0 helmet
rElec   .          Harm     .   (no cloak)
rCorr   .          Rampage  .   g - +2 pair of gloves
Will    .....                   (no boots)
Stlth   +.........              (no amulet)
HPRegen 0.18/turn               k - ring of see invisible
MPRegen 0.10/turn               (no ring)

@: hasted, lightly drained, very quick
A: (nimble swimmer 2), mertail
a: Renounce Religion


You were on level 5 of the Dungeon.
You worshipped Elyvilon.
Elyvilon was noncommittal.
You visited 2 branches of the dungeon, and saw 6 of its levels.
You also visited: Sewer.

You collected 244 gold pieces.

Inventory:

Hand Weapons
 a - a +0 trident of venom (weapon)
Missiles
 d - 3 throwing nets (quivered)
Armour
 b - a +0 leather armour (worn)
 c - a +0 helmet (worn)
 g - a +2 pair of gloves (worn)
Jewellery
 f - the ring "Fewuiw" {AC+4 Dex+6}
   (You found it in a sewer)

   [ring of protection]

   AC:        It affects your AC (+4).
   Dex:       It affects your dexterity (+6).
 k - a ring of see invisible (left hand)
 p - a ring of flight
Wands
 n - a wand of acid (5)
 o - a wand of iceblast (8)
 q - a wand of mindburst (11)
Scrolls
 j - 2 scrolls of identify
 m - a scroll of enchant weapon {unknown}
Potions
 h - a potion of cancellation
 l - a potion of resistance {unknown}


   Skills:
 + Level 5.1 Fighting
 + Level 7.6 Polearms
 - Level 2.0 Throwing
 + Level 3.0 Armour
 + Level 6.8 Dodging


You had 6 spell levels left.
You didn't know any spells.
Your spell library contained the following spells:

 Spells                   Type           Power      Damage    Failure   Level
 Magic Dart               Conj           0%         1d3       50%         1
 Summon Small Mammal      Summ           0%         N/A       50%         1
 Call Imp                 Summ           0%         N/A       63%         2
 Call Canine Familiar     Summ           0%         N/A       86%         3
 Mephitic Cloud           Conj/Pois/Air  0%         N/A       86%         3
 Summon Guardian Golem    Hex/Summ       0%         N/A       86%         3
 Summon Ice Beast         Ice/Summ       0%         N/A       99%         4
 Summon Mana Viper        Hex/Summ       0%         N/A       100%        5
 Monstrous Menagerie      Summ           0%         N/A       100%        7


Dungeon Overview and Level Annotations

Branches:
Dungeon (5/15)             Temple (1/1) D:5           Sewer (visited)

Altars:
Ashenzari
Cheibriados
Dithmenos
Elyvilon
Gozag
Hepliaklqana
Kikubaaqudgha
Nemelex Xobeh
Qazlal
Ru
Sif Muna
Trog
Wu Jian
Yredelemnul
Zin

Annotations:
D:5 Ijyb


Innate Abilities, Weirdness & Mutations

((You are quick and stealthy near water. (Stealth+, EV+, Speed+++)))
Your lower body shifts to a powerful aquatic tail in water.


Message History

No target in view!
Ijyb the Twisted Goblin comes into view.
She is wielding a +7 spectral club and carrying a wand of acid (11).
Found 12 gold pieces.
Ijyb shouts!
Ijyb zaps a wand.
The bolt of acid hits you!!
A necrophage comes into view.
Ijyb zaps a wand.
The bolt of acid hits you!
* * * LOW HITPOINT WARNING * * *
The acid corrodes you!
There are monsters nearby!
You are too injured to fight recklessly!
You are too injured to fight recklessly!
There are monsters nearby!
There are monsters nearby!
You are too injured to fight recklessly!
You are too injured to fight recklessly!
Unknown command.
Unknown command.
Ijyb barely misses you.
It was a potion of cancellation.
Your magical effects are unravelling.
You feel magically purged.
You are no longer corroded.
Ijyb barely misses you.
You closely miss Ijyb. The necrophage closely misses you.
Ijyb hits you with a +7 spectral club.
* * * LOW HITPOINT WARNING * * *
You hit Ijyb but do no damage.
Ijyb is poisoned.
The necrophage hits you.
* * * LOW HITPOINT WARNING * * *
Ijyb completely misses you.
It was a potion of magic.
Magic courses through your body.
The necrophage hits you but does no damage.
Ijyb hits you with a +7 spectral club.
* * * LOW HITPOINT WARNING * * *
It was a potion of haste.
You feel yourself speed up. The necrophage hits you.
* * * LOW HITPOINT WARNING * * *
You feel drained.
* * * LOW HITPOINT WARNING * * *
Ijyb zaps a wand.
The bolt of acid hits you!!
You die...

*,,,,,,,** ##### *
,,,,,,,***######* *#
,,,,,,,,,,......* *#.
,,,,******##....* ######..
,,,,*****##.....##########.....##
,,*,,,,,,......................##
***,****,.....................###
*,****,,.....................##.
**,* *,,,......g@..........#..#..
*,** *,,,......n........####..#..
,,* **,,.............### #..#...
,*** **,.....$.......#** #..##..
,,,* *,.........##....# #..####
,,>** **......?###.....#*#.##
,,,,* *.....##**.......#..*
,,,,** **#...#***...........*
,,,,,***,,,##***...........#*


You could see a necrophage and Ijyb (very poisoned).

Vanquished Creatures
  Duvessa (D:5)
  A black bear (D:4)
  Purgy (Sewer)
  Blork the orc (D:5)
  Dowan (D:5)
  3 orc priests
  2 iguanas (D:4)
  3 orc wizards
  2 hound skeletons (D:4)
  A river rat (D:5)
  4 adders
  An ufetubus (D:5)
  An adder skeleton (D:4)
  6 worms
  A dart slug (D:3)
  14 orcs
  9 ball pythons
  7 endoplasms
  4 giant cockroaches
  11 hobgoblins
  8 jackals
  7 kobolds
  4 quokkas
  8 bats
  2 frilled lizards
  7 goblins
  7 rats
  A butterfly (Temple)
118 creatures vanquished.

Notes
Turn   | Place    | Note
-------+----------+-------------------------------------------
     0 | D:1      | Demosthentine the Merfolk Gladiator began the quest for the
                  | Orb.
     0 | D:1      | Reached XP level 1. HP: 16/16 MP: 1/1
   152 | D:1      | Reached XP level 2. HP: 10/23 MP: 2/2
   661 | D:1      | Found a faded altar of an unknown god.
   812 | D:1      | Reached XP level 3. HP: 28/28 MP: 3/3
   958 | D:2      | Reached skill level 5 in Polearms
  1118 | D:2      | Reached skill level 1 in Armour
  1363 | D:2      | Reached XP level 4. HP: 34/34 MP: 4/4
  1776 | D:3      | Reached skill level 5 in Dodging
  1776 | D:3      | Reached XP level 5. HP: 39/41 MP: 5/5
  2348 | D:3      | Reached skill level 6 in Polearms
  2370 | D:3      | Found a sacrificial altar of Ru.
  2379 | D:3      | Found a shimmering blue altar of Sif Muna.
  2576 | D:4      | Reached XP level 6. HP: 9/48 MP: 6/6
  2863 | D:4      | Noticed a black bear
  2872 | D:4      | Killed a black bear
  3632 | D:4      | Reached XP level 7. HP: 33/55 MP: 7/7
  4454 | D:5      | Entered Level 5 of the Dungeon
  4482 | D:5      | Noticed Duvessa
  4483 | D:5      | Noticed Blork the orc
  4484 | D:5      | Noticed Dowan
  4512 | D:5      | Killed Blork the orc
  4516 | D:5      | Killed Duvessa
  4517 | D:5      | Reached skill level 7 in Polearms
  4523 | D:5      | Killed Dowan
  4632 | D:5      | Found a glowing drain.
  4639 | Sewer    | Entered a sewer
  4811 | Sewer    | Noticed Purgy
  4821 | Sewer    | Killed Purgy
  4822 | Sewer    | Reached skill level 5 in Fighting
  4861 | Sewer    | Identified the ring "Fewuiw" {AC+4 Dex+6}
  5083 | D:5      | Found a staircase to the Ecumenical Temple.
  5187 | Temple   | Entered the Ecumenical Temple
  5241 | Temple   | Became a worshipper of Elyvilon the Healer
  5379 | D:5      | Noticed Ijyb
  5388 | D:5      | HP: 2/55 [necrophage (1)]
  5388 | D:5      | Killed from afar by Ijyb

Illustrated notes

Levels and vault maps discovered:
D:1:      lordsloth_arrival_two_stooges, layout_rooms,
          dreamdust_ecumenical_altar_angels_and_demons,
          minmay_misc_feat_nine_boxes
D:2:      layout_loops_cross
D:3:      wad_crossroads, layout_basic, mainiacjoe_overflow_swirl
D:4:      layout_layer_cave
D:5:      layout_cave_pods, xom_confusion_cloud,
          minmay_temple_entry_butterflies, lightli_sewer_entry_pipes,
          amcnicky_mini_pool_small, uniq_grinder, uniq_blork_the_orc,
          uniq_duvessa, uniq_ijyb
Temple:   nicolae_temple_god_jail

Skill      XL: |  1  2  3  4  5  6  7 |
---------------+----------------------+-----
Polearms       | 5 6 7 |  7.6
Armour         | 1 2 3 |  3.0
Fighting       | 3 4 5 |  5.1
Dodging        | 5 6 |  6.8
Throwing       | |  2.0

Action                   |  1- 3 |  4- 6 |  7- 9 || total
-------------------------+-------+-------+-------++-------
Melee: Trident           |   127 |   168 |    94 ||   389
       Tailslap          |       |       |     2 ||     2
  Use: Scroll            |     1 |     3 |     4 ||     8
       Potion            |       |     1 |     4 ||     5
 Stab: Sleeping          |     2 |     3 |     5 ||    10
Armor: Leather armour    |    40 |    36 |    24 ||   100
Dodge: Dodged            |    81 |    87 |    60 ||   228

Table legend: (Time is in decaauts)
 A = Elapsed time spent in this place.
 B = Non-inter-level travel time spent in this place.
 C = Inter-level travel time spent in this place.
 D = Time resting spent in this place.
 E = Time spent auto-exploring this place.
 F = Levels seen in this place.
 G = Mean time per level.
                   A        B        C        D        E       F      G
               +--------+--------+--------+--------+--------+-----+--------+
         Total |   5362 |   5213 |    149 |    224 |   4082 |   7 |  766.0 |
       Dungeon |   4955 |   4806 |    149 |    224 |   3760 |   5 |  991.0 |
        Temple |     64 |     64 |      0 |      0 |     24 |   1 |   64.0 |
         Sewer |    342 |    342 |      0 |      0 |    297 |   1 |  342.0 |
               +--------+--------+--------+--------+--------+-----+--------+

Top non-repeatable levels by time:
     D:4: 1667 daAuts
     D:3: 1194 daAuts
     D:1: 932 daAuts
     D:2: 668 daAuts
     D:5: 492 daAuts
   Sewer: 342 daAuts
  Temple: 64 daAuts
